 Dungeon Crawl Stone Soup version 0.27.1-1-g398f81649c (webtiles) character file.

Game seed: 9655755637314377419

2249 jlumianski the Shield-Bearer (level 9, -4/79 HPs)
             Began as a Deep Dwarf Fighter on Sept 8, 2021.
             Was a Follower of Makhleb.
             Slain by a four-headed hydra (10 damage)
             ... on level 6 of the Dungeon.
             The game lasted 00:25:27 (4425 turns).

jlumianski the Shield-Bearer (Deep Dwarf Fighter)   Turns: 4425, Time: 00:25:27

Health: -4/79      AC: 14    Str: 24    XL:     9   Next: 15%
Magic:  2/2        EV: 10    Int:  8    God:    Makhleb [*.....]
Gold:   300        SH: 16    Dex: 15    Spells: 8/8 levels left

rFire    + . .     SeeInvis .   x - +10 spear of the Pyrrhic Victory {protect, rF+ Will++ Dex+3}
rCold    . . .     Faith    .   c - +0 kite shield
rNeg     . . .     Spirit   .   b - +0 scale mail
rPois    .         Reflect  +   (no helmet)
rElec    .         Harm     .   (no cloak)
rCorr    .         Rampage  .   (no gloves)
Will     +++..                  (no boots)
Stlth    +.........             f - amulet of reflection
HPRegen  0.00/turn              (no ring)
MPRegen  0.08/turn              (no ring)

@: under a protective aura
A: damage resistance, heal wounds, sense surroundings 2, no regeneration
a: Heal Wounds, Renounce Religion


You were on level 6 of the Dungeon.
You worshipped Makhleb.
Makhleb was aware of your devotion.
You visited 1 branch of the dungeon, and saw 7 of its levels.

You collected 300 gold pieces.

Inventory:

Hand Weapons
 a - a +0 war axe
 d - a +0 dagger of freezing
 k - a +1 halberd of protection
 v - a +6 vorpal spear
 x - the +10 spear of the Pyrrhic Victory (weapon) {protect, rF+ Will++ Dex+3}
   (You found it on level 5 of the Dungeon)

   It grants its wielder temporary protection when it strikes (+7 to AC).
   Dex:       It affects your dexterity (+3).
   rF:        It protects you from fire.
   Will:      It greatly increases your willpower.
Missiles
 h - 185 stones
 j - 3 poisoned darts (quivered)
 C - 28 bolts
Armour
 b - a +0 scale mail (worn)
 c - a +0 kite shield (worn)
 t - a +2 leather armour of willpower
Jewellery
 f - an amulet of reflection (around neck)
Wands
 q - a wand of iceblast (6)
 A - a wand of flame (12)
Scrolls
 e - 2 scrolls of identify
 n - a scroll of fear {unknown}
 r - a scroll of amnesia {unknown}
 s - a scroll of vulnerability {unknown}
 u - a scroll of blinking {unknown}
 w - a scroll of magic mapping
 y - a scroll of teleportation {unknown}
 B - a scroll of enchant weapon {unknown}
Potions
 g - a potion of magic
 i - a potion of brilliance
 l - 5 potions of curing
 m - 2 potions of lignification {unknown}
 o - a potion of heal wounds
 p - a potion of attraction {unknown}
 z - a potion of flight {unknown}


   Skills:
 + Level 4.5 Fighting
 + Level 7.0(7.4) Axes
 + Level 2.6(4.5) Polearms
 + Level 2.1 Throwing
 + Level 6.4 Armour
 + Level 3.3 Dodging
 + Level 1.6 Stealth
 + Level 7.4 Shields
 + Level 0.2 Evocations


You had 8 spell levels left.
You didn't know any spells.
Your spell library contained the following spells:

 Spells                   Type           Power      Damage    Failure   Level
 Animate Skeleton         Necr           0%         N/A       95%         1
 Foxfire                  Conj/Fire      0%         2x1d4     95%         1
 Pain                     Necr           0%         1d4       95%         1
 Slow                     Hex            0%         N/A       99%         2
 Confusing Touch          Hex            0%         N/A       100%        3
 Conjure Flame            Conj/Fire      0%         6-21      100%        3
 Inner Flame              Hex/Fire       0%         N/A       100%        3
 Vampiric Draining        Necr           0%         2d6       100%        3
 Fireball                 Conj/Fire      0%         3d3       100%        5
 Yara's Violent Unravell  Hex/Tmut       0%         3d3       100%        5
 Starburst                Conj/Fire      0%         6d3       100%        6
 Ignition                 Fire           0%         3d3       100%        8


Dungeon Overview and Level Annotations

Branches:
Dungeon (7/15)             Temple (0/1) D:5

Altars:
Ashenzari
Fedhas
Gozag
Kikubaaqudgha
Makhleb
Uskayaw


Innate Abilities, Weirdness & Mutations

You are resistant to damage.
You can heal yourself by infusing magical energy.
You passively map the area around you.
You do not regenerate.


Message History

There is an entrance to a bailey on this level.
Hurry and find it before the portal closes forever!
Found an opulent altar of Gozag.
There is a stone staircase leading up here.
As you read the scroll labelled KORADA MO NUAFAO, it crumbles to dust.
You feel aware of your surroundings.
You sensed 1 altar, and 1 shop/portal.
It was a scroll of magic mapping.
Unknown command.
A hydra and a centaur come into view.
The centaur shouts!
The centaur wields a +0 shortbow.
The centaur shoots an arrow.
You reflect the arrow off an invisible shield around you!
The arrow barely misses the centaur.
The centaur shoots an arrow.
The arrow barely misses you. The four-headed hydra bites you! x2
* * * LOW HITPOINT WARNING * * *
The four-headed hydra bites you!
* * * LOW HITPOINT WARNING * * *
You block the four-headed hydra's attack.
There is a stone staircase leading up here.
The four-headed hydra barely misses you.
You block the four-headed hydra's attack. x2
The four-headed hydra bites you!
* * * LOW HITPOINT WARNING * * *
You climb upwards.
There is a stone staircase leading down here.
You feel much better.
You block the four-headed hydra's attack.
The four-headed hydra bites you.
The four-headed hydra bites you but does no damage.
You block the four-headed hydra's attack.
You hit the four-headed hydra.
Your weapon exudes an aura of protection.
The four-headed hydra is lightly wounded.
The four-headed hydra bites you!
* * * LOW HITPOINT WARNING * * *
The four-headed hydra barely misses you.
The four-headed hydra bites you!
* * * LOW HITPOINT WARNING * * *
The four-headed hydra bites you!
You die...

...##.....###........#.## #)###
...#####.........###...# #.# #
..## #.......#.# ##..######.# .##
##.....#.#.###..##.†....# .#
##......#.#.........###### .#
#..#............#....##
.#####.##....#.###...####..#
##...........#........####.######
##......#....#.D@................
#....).#....#.....<..#####......
#...>..############### #######
#......# # #......# # ######## #


You could see a four-headed hydra.

Vanquished Creatures
  Eustachio (D:5)
  Duvessa (D:3)
  A black bear (D:4)
  An ice beast (D:6)
  An ogre (D:4)
  A centaur (D:6)
  3 necrophages
  2 phantoms
  A bullfrog (D:5)
  Blork the orc (D:5)
  A gnoll sergeant (D:5)
  3 scorpions
  2 water moccasin zombies (D:5)
  Dowan (D:3)
  A wyvern skeleton (D:5)
  A howler monkey (D:5)
  A jelly (D:5)
  3 orc priests
  A gnoll shaman (D:3)
  A hound (D:6)
  4 iguanas
  6 orc wizards
  A hound skeleton (D:5)
  7 gnolls
  6 adders
  A shadow imp (D:5)
  A white imp (D:6)
  2 worms
  2 dart slugs
  15 orcs
  3 ball pythons
  4 bats
  An endoplasm (D:1)
  3 giant cockroaches
  3 goblins
  10 hobgoblins
  4 jackals (D:1)
  3 kobolds
  5 quokkas
  4 frilled lizards
  3 rats
116 creatures vanquished.

Notes
Turn   | Place    | Note
-------+----------+-------------------------------------------
     0 | D:1      | jlumianski the Deep Dwarf Fighter began the quest for the
                  | Orb.
     0 | D:1      | Reached XP level 1. HP: 20/20 MP: 1/1
   105 | D:1      | Reached XP level 2. HP: 25/27 MP: 2/2
   183 | D:1      | Found a faded altar of an unknown god.
   593 | D:1      | Reached XP level 3. HP: 16/33 MP: 3/3
  1280 | D:2      | Reached XP level 4. HP: 25/40 MP: 3/3
  1610 | D:3      | Found a broken altar of Ashenzari.
  2005 | D:3      | Found a blossoming altar of Fedhas.
  2052 | D:4      | Noticed Duvessa
  2052 | D:4      | Noticed Dowan
  2072 | D:3      | Killed Duvessa
  2073 | D:3      | Reached XP level 5. HP: 24/49 MP: 3/3
  2073 | D:3      | Killed Dowan
  2074 | D:3      | Reached skill level 1 in Dodging
  2106 | D:4      | Reached skill level 1 in Throwing
  2106 | D:4      | Reached XP level 6. HP: 56/56 MP: 4/4
  2152 | D:4      | Reached skill level 5 in Axes
  2397 | D:3      | Reached skill level 1 in Stealth
  2428 | D:3      | Reached XP level 7. HP: 37/62 MP: 4/4
  2444 | D:4      | Reached skill level 5 in Armour
  2465 | D:4      | Found a hide-covered altar of Uskayaw.
  2542 | D:4      | Found a burning altar of Makhleb.
  2554 | D:4      | Became a worshipper of Makhleb the Destroyer
  2824 | D:5      | Entered Level 5 of the Dungeon
  2920 | D:5      | Found a staircase to the Ecumenical Temple.
  2991 | D:5      | Reached skill level 5 in Shields
  3036 | D:5      | Noticed Eustachio
  3130 | D:5      | Killed Eustachio
  3131 | D:5      | Reached XP level 8. HP: 45/72 MP: 4/4
  3153 | D:5      | Noticed Blork the orc
  3259 | D:5      | Reached * piety under Makhleb
  3264 | D:5      | HP: 2/72 [gnoll (5)]
  3346 | D:5      | Found an ancient bone altar of Kikubaaqudgha.
  3445 | D:5      | Killed Blork the orc
  3539 | D:5      | Identified the +10 spear of the Pyrrhic Victory {protect,
                  | rF+ Will++ Dex+3}
  3965 | D:6      | Reached skill level 1 in Polearms
  4041 | D:6      | Gained mutation: You passively map the area around you.
                  | [Deep Dwarf growth]
  4041 | D:6      | Reached XP level 9. HP: 42/79 MP: 2/2
  4407 | D:7      | Found an opulent altar of Gozag.
  4414 | D:7      | Noticed a four-headed hydra
  4425 | D:6      | Slain by a four-headed hydra

Illustrated notes

Levels and vault maps discovered:
D:1:      psy_arrival_radial02, layout_basic, hellmonk_ecumenical_altar_blasted
D:2:      layout_basic
D:3:      layout_basic, cheibrodos_ashenzari_chains, fedhas_altar_4,
          fountainhead, minmay_misc_feat_iff
D:4:      layout_basic, mainiacjoe_overflow_catch_the_wave, uniq_duvessa
D:5:      layout_basic, lemuel_crystal_altar, minmay_temple_entry_mist,
          nrook_mini_backslash, minmay_misc_feat_chi, minmay_fractal_squares_5,
          uniq_eustachio, uniq_blork_the_orc
D:6:      layout_rooms, item_on_display_a
D:7:      kennysheep_seaside_town, layout_loops_ring, nicolae_ru_path_of_blood,
          mainiacjoe_overflow_paths, enter_bailey_3,
          chequers_serial_rivers_large_a

Skill      XL: |  1  2  3  4  5  6  7  8  9 |
---------------+----------------------------+-----
Axes           | 3 4 5 6 7 |  7.0
Armour         | 4 5 6 |  6.4
Fighting       | 3 4 |  4.5
Dodging        | 1 2 3 |  3.3
Shields        | 4 5 7 |  7.4
Throwing       | 1 2 |  2.1
Stealth        | 1 |  1.6
Polearms       | 1 2 |  2.6
Evocations     | |  0.2

Action                   |  1- 3 |  4- 6 |  7- 9 || total
-------------------------+-------+-------+-------++-------
Melee: War axe           |    98 |   101 |   154 ||   353
       Spear             |       |       |    92 ||    92
Throw: Stone             |    16 |    11 |     4 ||    31
       Dart              |       |     9 |    21 ||    30
 Abil: Heal Wounds       |     1 |     4 |    11 ||    16
Evoke: Wand              |       |       |     3 ||     3
  Use: Potion            |       |     2 |     2 ||     4
       Scroll            |       |       |     3 ||     3
Armor: Scale mail        |    34 |    26 |    65 ||   125
Dodge: Dodged            |    22 |    28 |    63 ||   113
Block: Kite shield       |    74 |   101 |   246 ||   421
       Reflection        |       |       |    12 ||    12
